 Dungeon Crawl Stone Soup version 0.31-a0-1522-g43313d8a59 (webtiles) character file.

Game seed: 120097367022469271

561 FizzleBangTC the Ruffian (level 7, -4/66 HPs)
             Began as a Troll Delver on Dec 30, 2023.
             Was a Follower of Okawaru.
             Incinerated by a bombardier beetle (6 damage)
             ... with a burning spray
             ... on level 7 of the Dungeon.
             The game lasted 00:12:12 (321 turns).

FizzleBangTC the Ruffian (Troll Delver)              Turns: 321, Time: 00:12:12

Health: -4/66      AC:  4    Str: 23    XL:     7   Next: 9%
Magic:  6/6        EV:  9    Int:  6    God:    Okawaru [*.....]
Gold:   7          SH:  5    Dex: 11    Spells: 6/6 levels left

rFire   . .          .
                       - Unarmed
rCold   . . .        (no shield)
rNeg    . . .        a - +0 robe
rPois   .            (helmet restricted)
rElec   .            (no cloak)
rCorr   .            (gloves unavailable)
SInv    .            (boots unavailable)
Will    .....        c - amulet of reflection
Stlth   +            (no ring)
HPRegen 1.11/turn    (no ring)
MPRegen 0.10/turn

%: reflection
@: brilliant, on fire, on berserk cooldown, slowed, glowing, very slow
A: large, unfitting armour, claws 3, regeneration 1, shaggy fur 1, tough skin 1
a: Renounce Religion, Heroism


You were on level 7 of the Dungeon.
You worshipped Okawaru.
Okawaru was aware of your devotion.
You visited 1 branch of the dungeon, and saw 5 of its levels.

You collected 7 gold pieces.

Inventory:

Armour
 a - a +0 robe (worn)
Jewellery
 c - an amulet of reflection (around neck)
Wands
 f - a wand of digging (2)
Scrolls
 b - a scroll of fog


   Skills:
 - Level 2.4 Fighting
 - Level 1.5 Dodging
 - Level 2.7 Stealth
 + Level 7.9 Unarmed Combat


You had 6 spell levels left.
You didn't know any spells.
Your spell library was empty.

Dungeon Overview and Level Annotations

Branches:
Dungeon (7/15)
 Temple: D:4-7

Altars:
Okawaru


Innate Abilities, Weirdness & Mutations

You are too large for most types of armour.
You have claws for hands.
Your natural rate of healing is unusually fast.
You are covered in fur. (AC +1)
You have tough skin. (AC +1)


Message History

The floor.
You are too berserk!
Things that are here:
a +0 halberd; a throwing net; a gnoll corpse You feel a strong urge to attack something.
You are no longer berserk.
You are exhausted.
You feel yourself slow down.
Press: ? - help, v - describe, . - travel
Here: a bombardier beetle The floor.
Unknown command.
Aiming: Paralyse
Press: ? - help, Shift-Dir - straight line, f - gnoll
Aim: a gnoll, wielding a +2 spear of venom (chance to affect: 57%)
Your attack snaps the gnoll out of its fear.
The gnoll suddenly stops moving!
Press: ? - help, v - describe, . - travel
Here: a bombardier beetle The floor.
Found 17 gold pieces.
The helpless gnoll fails to defend itself.
You claw the gnoll!
The gnoll is almost dead.
The gnoll seems to regain its courage.
The helpless gnoll fails to defend itself.
You mangle the gnoll!!
You kill the gnoll!
Okawaru accepts your kill. You block the gnoll's attack.
You are unable to berserk.
You are slowed.
Your movement speed is very slow.
Your attack delay is about 1.2.
Your damage rating with unarmed combat is about 22 (Base [9 + 7 (UC)] x 132% (Str) x 104% (Fight)).
Aiming: Paralyse
Press: ? - help, Shift-Dir - straight line, f - orc priest
Aim: an orc priest, wielding a +0 hand axe (chance to affect: 49%)
The orc priest suddenly stops moving!
You block the gnoll's attack. The gnoll hits you with a +0 flail.
You scratch the gnoll.
The gnoll is lightly wounded.
The gnoll closely misses you.
It was a potion of brilliance.
You feel clever all of a sudden.
The gnoll hits you with a +0 flail. x2; The gnoll hits you with a +0 club.
You closely miss the gnoll.
The gnoll is lightly wounded.
The gnoll hits you with a +0 flail. The gnoll hits you with a +0 club.
You claw the gnoll!
The gnoll is severely wounded.
The gnoll closely misses you. The gnoll hits you with a +0 club.
The bombardier beetle sprays incendiary fluid at you.
The burning spray hits you.
You are covered in liquid fire!
You claw the gnoll!
You kill the gnoll!
Okawaru accepts your kill. The liquid fire burns you!
The gnoll hits you with a +0 club.
* * * LOW HITPOINT WARNING * * *
You shake off some of the fire as you move.
The liquid fire burns you!
* * * LOW HITPOINT WARNING * * *
The gnoll closely misses you.
You block the bombardier beetle's attack.
You shake off the liquid fire.
The orc priest is no longer paralysed.
You block the gnoll's attack.
There is a stone staircase leading down here.
You block the gnoll's attack.
The bombardier beetle sprays incendiary fluid at you.
The burning spray hits you.
You are covered in liquid fire!
The gnoll hits you but does no damage.
You shake off some of the fire as you move.
You climb downwards.
The liquid fire burns you!
* * * LOW HITPOINT WARNING * * *
There is a stone staircase leading up here.
Blink to where?
Press: ? - help, Dir - move target A gnoll sergeant and 4 gnolls come into view.
The gnoll sergeant is wielding a +2 trident of freezing.
A gnoll is wielding a +0 flail and quivering 2 throwing nets.
Found a falchion.
As you read the scroll labelled LUNYMIAJUO, it crumbles to dust.
It was a scroll of blinking.
The liquid fire burns you!
* * * LOW HITPOINT WARNING * * *
The gnoll shouts! x2; You hear a shout!
A gnoll comes into view. It is wielding a +0 whip.
The gnoll closely misses you. x2
The gnoll shouts!
Unknown command.
Unknown command.
Aiming: Paralyse
Press: ? - help, Shift-Dir - straight line, f - gnoll
Aim: a gnoll, wielding a +0 flail and quivering 2 throwing nets (chance to affect: 57%)
The gnoll suddenly stops moving!
The gnoll sergeant shouts!
The now-empty wand crumbles to dust.
The liquid fire burns you!
You die...

## .. .# .# .#
###g####g.
#.@....g..
#......gg.).g..
######.#.#####.
#.#.# #.#.# ##
#g#.. ..# #.###
... ##.## #.#
##...## #.#


You could see a gnoll sergeant and 6 gnolls.

Vanquished Creatures
  An orc warrior (D:6)
  A centaur (D:6)
  A bullfrog (D:6)
  A howler monkey (D:6)
  A bombardier beetle (D:5)
  A jelly (D:6)
  An orc priest (D:6)
  2 gnoll boudas (D:6)
  An iguana (D:6)
  An orc wizard (D:6)
  7 gnolls (D:6)
  An adder (D:5)
  6 orcs (D:6)
  A goblin (D:5)
  A jackal (D:5)
  A quokka (D:3)
  A bat (D:3)
29 creatures vanquished.

Notes
Turn   | Place    | Note
-------+----------+-------------------------------------------
     0 | D:5      | FizzleBangTC the Troll Delver began the quest for the Orb.
     0 | D:5      | Reached XP level 1. HP: 22/22 MP: 0/0
    10 | D:6      | Noticed a howler monkey
    23 | D:6      | Killed a howler monkey
    24 | D:6      | Reached skill level 3 in Unarmed Combat
    24 | D:6      | Reached XP level 2. HP: 8/29 MP: 1/1
    24 | D:6      | Reached XP level 3. HP: 10/36 MP: 2/2
    44 | D:6      | Noticed a centaur
    51 | D:6      | Reached skill level 4 in Unarmed Combat
    55 | D:6      | Reached XP level 4. HP: 36/44 MP: 3/3
    74 | D:5      | Found an iron altar of Okawaru.
    82 | D:5      | Became a worshipper of Warmaster Okawaru
   112 | D:6      | Noticed a bullfrog
   130 | D:6      | Killed a bullfrog
   131 | D:6      | Reached skill level 5 in Unarmed Combat
   131 | D:6      | Reached XP level 5. HP: 27/50 MP: 4/4
   135 | D:6      | Killed a centaur
   135 | D:6      | Reached * piety under Okawaru
   136 | D:6      | Reached skill level 6 in Unarmed Combat
   136 | D:6      | Reached XP level 6. HP: 27/59 MP: 5/5
   173 | D:6      | Noticed an orc warrior
   182 | D:6      | Killed an orc warrior
   183 | D:6      | Reached skill level 7 in Unarmed Combat
   298 | D:6      | Reached XP level 7. HP: 39/66 MP: 3/6
   316 | D:6      | HP: 9/66 [burnt (9)]
   320 | D:7      | HP: 1/66 [burnt (7)]
   321 | D:7      | Incinerated by a bombardier beetle

Illustrated notes

Levels and vault maps discovered:
D:3:      layout_basic, trog_three_pillars_becter
D:4:      layout_loops_corners, xom_butterflies,
          minmay_temple_entry_sparse_star, gammafunk_ghost_grave, hex_medium,
          uniq_edmund, uniq_pikel
D:5:      layout_gridville, okawaru_metal_pillars_3, nemelex_spade_bored_becter
D:6:      layout_rooms, zin_treasury, serial_curves, eino_curves_04,
          eino_curves_04, uniq_eustachio, uniq_maggie, uniq_crazy_yiuf_cottage
D:7:      layout_loops_ring, nicolae_qazlal_eye_of_the_storm,
          pf_guarded_unrand_woodcutter, uniq_jeremiah

Skill      XL: |  1  2  3  4  5  6 |
---------------+-------------------+-----
Unarmed Combat | 3 4 5 6 7 |  7.9
Fighting       | |  2.4
Dodging        | |  1.5
Stealth        | |  2.7

Action                     |  1- 3 |  4- 6 |  7- 9 || total
---------------------------+-------+-------+-------++-------
  Melee: Unarmed           |    19 |    33 |     9 ||    61
         Punch             |       |     2 |       ||     2
 Invoke: Heroism           |       |     2 |       ||     2
  Evoke: Wand              |     1 |     4 |     3 ||     8
    Use: Scroll            |     1 |     1 |     1 ||     3
         Potion            |       |     2 |     1 ||     3
   Stab: Sleeping          |       |     1 |       ||     1
         Paralysed         |       |     3 |     2 ||     5
 Armour: Robe              |    14 |    27 |    11 ||    52
  Dodge: Dodged            |     8 |    23 |     6 ||    37
  Block: Other             |       |     6 |     5 ||    11

Table legend: (Time is in decaauts)
 A = Elapsed time spent in this place.
 B = Non-inter-level travel time spent in this place.
 C = Inter-level travel time spent in this place.
 D = Time resting spent in this place.
 E = Time spent auto-exploring this place.
 F = Levels seen in this place.
 G = Mean time per level.
                   A        B        C        D        E       F      G
               +--------+--------+--------+--------+--------+-----+--------+
         Total |    303 |    303 |      0 |      0 |      0 |   5 |   60.6 |
       Dungeon |    303 |    303 |      0 |      0 |      0 |   5 |   60.6 |
               +--------+--------+--------+--------+--------+-----+--------+

Top non-repeatable levels by time:
     D:6: 174 daAuts
     D:5: 82 daAuts
     D:7: 25 daAuts
     D:3: 10 daAuts
     D:4: 10 daAuts

Levels and vault maps discovered:
D:3:      layout_basic, trog_three_pillars_becter
D:4:      layout_loops_corners, xom_butterflies,
          minmay_temple_entry_sparse_star, gammafunk_ghost_grave, hex_medium,
          uniq_edmund, uniq_pikel
D:5:      layout_gridville, okawaru_metal_pillars_3, nemelex_spade_bored_becter
D:6:      layout_rooms, zin_treasury, serial_curves, eino_curves_04,
          eino_curves_04, uniq_eustachio, uniq_maggie, uniq_crazy_yiuf_cottage
D:7:      layout_loops_ring, nicolae_qazlal_eye_of_the_storm,
          pf_guarded_unrand_woodcutter, uniq_jeremiah

Table legend: (Time is in decaauts)
 A = Elapsed time spent in this place.
 B = Non-inter-level travel time spent in this place.
 C = Inter-level travel time spent in this place.
 D = Time resting spent in this place.
 E = Time spent auto-exploring this place.
 F = Levels seen in this place.
 G = Mean time per level.
                   A        B        C        D        E       F      G
               +--------+--------+--------+--------+--------+-----+--------+
         Total |    303 |    303 |      0 |      0 |      0 |   5 |   60.6 |
       Dungeon |    303 |    303 |      0 |      0 |      0 |   5 |   60.6 |
               +--------+--------+--------+--------+--------+-----+--------+

Top non-repeatable levels by time:
     D:6: 174 daAuts
     D:5: 82 daAuts
     D:7: 25 daAuts
     D:3: 10 daAuts
     D:4: 10 daAuts

Table legend:
 A = Kills in this place as a percentage of kills in the entire game.
 B = Kills by you in this place as a percentage of kills by you in the entire game.
 C = Kills by friends in this place as a percentage of kills by friends in the entire game.
 D = Other kills in this place as a percentage of other kills in the entire game.
 E = Experience gained in this place as a percentage of experience gained in the entire game.
 F = Experience gained in this place divided by the number of levels of this place that you have seen.
                   A       B       C       D       E      F
               +-------+-------+-------+-------+-------+----------------------
         Total | 100.0 | 100.0 |   N/A |   N/A | 100.0 | 160.4
       Dungeon | 100.0 | 100.0 |   N/A |   N/A | 100.0 | 160.4
               +-------+-------+-------+-------+-------+----------------------
